 Dungeon Crawl Stone Soup version 0.24-a0-464-g6b2be6b8c7 (webtiles) character file.

Game seed: 9087996251084231750

294 Inarius the Chucker (level 6, -1/70 HPs)
             Began as a Demonspawn Hunter on July 3, 2019.
             Slain by an ogre
             ... wielding a +0 giant club
              (2 damage)
             ... on level 3 of the Dungeon.
             The game lasted 00:05:41 (4084 turns).

Inarius the Chucker (Demonspawn Hunter)             Turns: 4084, Time: 00:05:41

Health: -1/70      AC: 23    Str: 12 (14) XL:     6   Next: 11%
Magic:  0/6        EV:  2    Int: 10 (13) God:
Gold:   184        SH:  0    Dex: 12 (13) Spells: 5/5 levels left

rFire    . . .     SeeInvis .     - Unarmed
rCold    + . .     Gourm    .   (no shield)
rNeg     + + +     Faith    .   (armour currently unavailable)
rPois    +         Spirit   +   (helmet currently unavailable)
rElec    .         Reflect  .   (cloak currently unavailable)
rCorr    .         Harm     .   (gloves currently unavailable)
MR       .....     NoTele   +   (boots currently unavailable)
Stlth    +++.......             x - amulet of guardian spirit
HPRegen  0.21/turn              e - ring of positive energy
MPRegen  0.10/turn              v - ring of protection from cold

@: tree-form
A: nightstalker 1, powered by pain 1
a: no special abilities


You were on level 3 of the Dungeon.
You were hungry.
You were a tree.
You visited 1 branch of the dungeon, and saw 4 of its levels.

You collected 184 gold pieces.

Inventory:

Missiles
 c - 3 javelins (quivered)
 d - 2 throwing nets
Armour
 b - a +0 leather armour
 m - a +0 plate armour (melded)
Jewellery
 e - a ring of positive energy (left branch)
 v - a ring of protection from cold (right branch)
 x - an amulet of guardian spirit (around neck)
Wands
 u - a wand of flame (25)
Scrolls
 g - a scroll of fear {unknown}
 h - a scroll of enchant weapon {unknown}
 l - a scroll of fog
 o - a scroll of amnesia {unknown}
Potions
 a - a potion of brilliance
 s - a potion of resistance
Comestibles
 f - 9 rations


   Skills:
 + Level 3.0 Fighting
   Level 2.0 Short Blades
 + Level 4.2 Throwing
 + Level 1.4 Armour
 + Level 1.9 Dodging
 + Level 1.2 Stealth
 * Level 2.8 Unarmed Combat
 * Level 1.1 Evocations


You had 5 spell levels left.
You didn't know any spells.
Your spell library was empty.

Dungeon Overview and Level Annotations

Branches:
Dungeon (4/15)
 Temple: D:4-7

Altars:
Ashenzari
Dithmenos
Elyvilon
Fedhas
Kikubaaqudgha
Ru
Sif Muna
Wu Jian


Innate Abilities, Weirdness & Mutations

((You have very sharp fingernails.))
((You are partially covered in thin metallic scales. (AC +2)))
You are slightly more attuned to the shadows.
You sometimes gain a little power by taking damage.


Message History

Unknown command.
Unknown command.
You hit the ogre.
The ogre is lightly wounded.
The ogre completely misses you. The ogre hits you but does no damage.
Unknown command.
You hit the ogre but do no damage.
The ogre is lightly wounded.
The ogre barely misses you.
You hit the ogre.
The ogre is moderately wounded.
The ogre hits you with a +0 giant spiked club!
* * * LOW HITPOINT WARNING * * *
Unknown command.
Unknown command.
Unknown command.
You smack the ogre!
The ogre is severely wounded.
The ogre hits you with a +0 giant club.
You die...

.......# #.#.. .......# #.#..
.......# #.#.. ##########
########.#.. .........# ### ###
#........#..
######.######8###8####........#..
.........##8...8...8##........#..
...<...#.##.....OO..##........#..
(.((.....#>.....♣..._#.##.....##'
.......#.##.........##.....##.##_
...#..##.##8...8...8##.....##.###
...#...#.####8###8####.....###.##
#####..[.#############.##'## #.##
#..........# #.......# #..#
#####..........# ##.####### ##.#
...............# #...##...## #.#
######.........# #..##.....####.#


You could see 2 ogres.

Vanquished Creatures
  A bullfrog (D:2)
  Natasha (thrice) (D:2)
  4 gnolls (D:3)
  3 adders
  An ooze (D:3)
  4 worms
  2 dart slugs
  A leopard gecko (D:2)
  An orc (D:3)
  7 bats
  A giant cockroach (D:2)
  11 hobgoblins
  11 jackals
  8 kobolds
  8 frilled lizards
  8 goblins
  A quokka zombie (D:2)
  8 rats
83 creatures vanquished.

Notes
Turn   | Place    | Note
-------+----------+-------------------------------------------
     0 | D:1      | Inarius the Demonspawn Hunter began the quest for the Orb.
     0 | D:1      | Reached XP level 1. HP: 16/16 MP: 1/1
   340 | D:1      | Gained mutation: You sometimes gain a little power by
                  | taking damage. [demonic ancestry]
   340 | D:1      | Reached XP level 2. HP: 22/22 MP: 2/2
   410 | D:1      | Reached skill level 4 in Throwing
   744 | D:2      | Noticed a bullfrog
   745 | D:2      | Noticed Natasha
   748 | D:2      | Killed a bullfrog
   748 | D:2      | Reached skill level 1 in Short Blades
   748 | D:2      | Reached skill level 1 in Stealth
   748 | D:2      | Gained mutation: You have sharp fingernails. [demonic
                  | ancestry]
   748 | D:2      | Reached XP level 3. HP: 25/28 MP: 3/3
   748 | D:2      | Gained mutation: You are slightly more attuned to the
                  | shadows. [demonic ancestry]
   748 | D:2      | Reached XP level 4. HP: 31/34 MP: 4/4
   748 | D:2      | Killed Natasha
   842 | D:2      | Reached skill level 1 in Armour
  1426 | D:2      | Found a shattered altar of Ashenzari.
  1577 | D:2      | Gained mutation: You have very sharp fingernails. [demonic
                  | ancestry]
  1577 | D:2      | Reached XP level 5. HP: 38/40 MP: 5/5
  1646 | D:2      | Reached skill level 1 in Unarmed Combat
  2276 | D:2      | Noticed Natasha
  2294 | D:2      | Killed Natasha
  2508 | D:2      | Noticed Natasha
  2520 | D:2      | Killed Natasha
  3011 | D:3      | Found a white marble altar of Elyvilon.
  3319 | D:3      | Found a shadowy altar of Dithmenos.
  3351 | D:3      | Gained mutation: You are partially covered in thin metallic
                  | scales. (AC +2) [demonic ancestry]
  3351 | D:3      | Reached XP level 6. HP: 39/46 MP: 4/6
  3360 | D:3      | Reached skill level 1 in Evocations
  3604 | D:3      | Found a deep blue altar of Sif Muna.
  3967 | D:4      | Found a blossoming altar of Fedhas.
  3969 | D:4      | Found an ancient bone altar of Kikubaaqudgha.
  3974 | D:4      | Found a sacrificial altar of Ru.
  3983 | D:4      | Found an ornate altar of the Wu Jian Council.
  4083 | D:3      | HP: 1/70 [ogre/+0 giant spiked club (6)]
  4084 | D:3      | Slain by an ogre

Levels and vault maps discovered:
D:1:      wheals_arrival_linesprint, layout_basic
D:2:      layout_loops_ring, overflow_temple_1_default, minmay_crystal_water,
          uniq_natasha
D:3:      layout_basic, nicolae_overflow_hidden_temple, lemuel_round_altar,
          lemuel_blue_sif_altar
D:4:      layout_rooms, nicolae_qazlal_general_emergency, minitemple,
          first_ration, serial_co_window_serial, co_window_corner_a,
          co_window_paths_b, co_window_paths_a, co_window_paths_b,
          co_window_corner_a, co_window_2corner, co_window_corner_cb,
          co_window_corner_b, co_window_corner_cb, co_window_4corner_a,
          glass_columns_a, glass_columns_c, glass_columns_a, item_on_display_a

Skill      XL: |  1  2  3  4  5  6 |
---------------+-------------------+-----
Throwing       | 4 |  4.2
Short Blades   | 1 2 |  2.0
Stealth        | 1 |  1.2
Armour         | 1 |  1.4
Unarmed Combat | 2 |  2.8
Evocations     | 1 |  1.1
Fighting       | 3 |  3.0
Dodging        | |  1.9

Action                   |  1- 3 |  4- 6 || total
-------------------------+-------+-------++-------
Melee: Short sword       |   100 |       ||   100
       Unarmed           |       |   316 ||   316
       Punch             |       |     1 ||     1
Throw: Javelin           |     4 |     5 ||     9
  Use: Scroll            |       |     7 ||     7
       Potion            |       |     7 ||     7
 Stab: Sleeping          |     1 |       ||     1
  Eat: Chunk             |       |    10 ||    10
Armor: Leather armour    |     6 |       ||     6
       Plate armour      |    80 |   223 ||   303
       Skin              |       |     1 ||     1
Dodge: Dodged            |    29 |    52 ||    81

Table legend:
 A = Non-vault XP
 B = Vault XP
 C = Vault XP percentage of total XP
 D = Non-vault monster count
 E = Vault monster count
 F = Vault count percentage of total count
                 A         B        C        D         E       F
            +---------+---------+-------+---------+---------+-------
      Total |     386 |      35 |   8.3 |      82 |       1 |   1.2
            +---------+---------+-------+---------+---------+-------
        D:1 |      36 |       0 |   0.0 |      22 |       0 |   0.0
        D:2 |     217 |      35 |  13.9 |      28 |       1 |   3.4
        D:3 |     120 |       0 |   0.0 |      31 |       0 |   0.0
        D:4 |      13 |       0 |   0.0 |       1 |       0 |   0.0
            +---------+---------+-------+---------+---------+-------
